 Dungeon Crawl Stone Soup version 0.28-a0-247-gb8bfbab023 (webtiles) character file.

Game seed: 4861375690289314348

326 pokeman the Magician (level 6, -7/34 HPs)
             Began as a Deep Elf Hedge Wizard on Aug 25, 2021.
             Splashed by a goblin's acid (13 damage)
             ... on level 4 of the Dungeon.
             The game lasted 00:08:10 (4691 turns).

pokeman the Magician (Deep Elf Hedge Wizard)        Turns: 4691, Time: 00:08:11

Health: -7/34      AC:  0    Str:  7    XL:     6   Next: 24%
Magic:  10/17      EV: 12    Int: 21    God:
Gold:   157        SH:  0    Dex: 14    Spells: 7/18 levels left

rFire   . . .      SeeInvis .   r - +4 short sword
rCold   . . .      Faith    .   (no shield)
rNeg    . . .      Spirit   .   q - +0 leather armour
rPois   +          Reflect  .   c - +0 hat
rElec   .          Harm     .   (no cloak)
rCorr   .          Rampage  .   (no gloves)
Will    .....                   n - +0 pair of boots
Stlth   ++........              (no amulet)
HPRegen 0.11/turn               b - ring of poison resistance
MPRegen 0.15/turn               (no ring)

@: corroded, very slightly contaminated
A: no striking features
a: no special abilities


You were on level 4 of the Dungeon.
You visited 1 branch of the dungeon, and saw 4 of its levels.

You collected 199 gold pieces.
You spent 42 gold pieces at shops.

Inventory:

Hand Weapons
 r - a +4 short sword (weapon)
Missiles
 i - 79 arrows
 l - 50 bolts
Armour
 c - a +0 hat (worn)
 n - a +0 pair of boots (worn)
 q - a +0 leather armour (worn)
Jewellery
 b - a ring of poison resistance (left hand)
Scrolls
 a - 5 scrolls of identify {unknown}
 d - 3 scrolls of enchant armour {unknown}
 e - a scroll of blinking {unknown}
 h - a scroll of torment {unknown}
 j - 3 scrolls of amnesia {unknown}
 m - a scroll of teleportation {unknown}
 p - a scroll of magic mapping {unknown}
Potions
 f - a potion of might {unknown}
 g - 2 potions of berserk rage {unknown}
 k - 3 potions of curing
 o - a potion of degeneration {unknown}


   Skills:
 + Level 1.1 Fighting
 - Level 1.0 Armour
 - Level 3.0 Dodging
 - Level 3.1 Stealth
 * Level 6.9 Spellcasting
 + Level 3.1 Conjurations
 - Level 1.1 Summonings
 - Level 1.1 Translocations
 + Level 1.0 Fire Magic
 - Level 1.2 Air Magic
 - Level 1.0 Poison Magic


You had 7 spell levels left.
You knew the following spells:

 Your Spells              Type           Power      Damage    Failure   Level
a - Magic Dart            Conj           80%        1d7       3%          1
b - Mephitic Cloud        Conj/Pois/Air  14%        N/A       19%         3
c - Call Imp              Summ           11%        N/A       12%         2
d - Blink                 Tloc           N/A        N/A       12%         2
e - Conjure Flame         Conj/Fire      16%        6-21      16%         3

Your spell library contained the following spells:

 Spells                   Type           Power      Damage    Failure   Level
 Animate Skeleton         Necr           14%        N/A       13%         1
 Pain                     Necr           28%        1d5       13%         1
 Slow                     Hex            7%         N/A       21%         2
 Ignite Poison            Fire/Tmut/Pois 10%        N/A       30%         3
 Vampiric Draining        Necr           3%         2d6       36%         3
 Sticky Flame             Conj/Fire      16%        2d4       47%         4


Dungeon Overview and Level Annotations

Branches:
Dungeon (4/15)
 Temple: D:4-7

Altars:
Hepliaklqana

Shops:
D:2 !


Message History

Aim: a hound skeleton (moderately damaged, 100% to hit)
The magic dart hits the hound skeleton.
The hound skeleton is moderately damaged.
Casting: Magic Dart (safe; 3% risk of failure)
Confirm with . or Enter, or press ? or * to list all spells.
Aiming: Magic Dart (safe; 3% risk of failure)
Press: ? - help, Shift-Dir - straight line, f/p - hound skeleton
Aim: a hound skeleton (moderately damaged, 100% to hit)
The magic dart hits the hound skeleton.
The hound skeleton is heavily damaged.
The goblin reads a scroll.
Wisps of shadow swirl around the goblin.
Casting: Magic Dart (safe; 3% risk of failure)
Confirm with . or Enter, or press ? or * to list all spells.
Aiming: Magic Dart (safe; 3% risk of failure)
Press: ? - help, Shift-Dir - straight line, f/p - hound skeleton
Aim: a hound skeleton (heavily damaged, 100% to hit)
The magic dart hits the hound skeleton.
The hound skeleton is heavily damaged.
The hound skeleton closely misses you.
Casting: Magic Dart (safe; 3% risk of failure)
Confirm with . or Enter, or press ? or * to list all spells.
Aiming: Magic Dart (safe; 3% risk of failure)
Press: ? - help, Shift-Dir - straight line, f/p - hound skeleton
Aim: a hound skeleton (heavily damaged, 100% to hit)
The magic dart hits the hound skeleton.
The hound skeleton is severely damaged.
The hound skeleton bites you. x2
Casting: Magic Dart (safe; 3% risk of failure)
Confirm with . or Enter, or press ? or * to list all spells.
Aiming: Magic Dart (safe; 3% risk of failure)
Press: ? - help, Shift-Dir - straight line, f/p - hound skeleton
Aim: a hound skeleton (severely damaged, 100% to hit)
The magic dart hits the hound skeleton.
The hound skeleton is almost destroyed.
The goblin zaps a wand.
The bolt of acid hits you!!
Ouch! That really hurt!
* * * LOW HITPOINT WARNING * * *
The acid corrodes you!
You are splashed with acid!
You die...

..#...'...#...#..#
..#####...#...'..#
..........#...#..##
.)........+.......#
#########+#.......#
)................(#
..................#
..............#..##
###############r@####
............gZ.J...#
.............g.....#
#########>#.#......#
#.#.#.#.####
#.#.#.#.# #.#.#(#.#
#.#.#.#.# #[#.#.#.#


You could see an endoplasm (summoned), a quokka (summoned), a hobgoblin
(summoned), a goblin and a hound skeleton.

Vanquished Creatures
  A jelly (D:4)
  2 hounds (D:4)
  An iguana (D:4)
  2 orc wizards (D:4)
  6 adders
  A gnoll (D:1)
  An adder skeleton (D:4)
  A worm (D:3)
  5 orcs
  4 bats (D:1)
  11 endoplasms
  A giant cockroach (D:1)
  5 goblins
  10 hobgoblins
  4 jackals (D:1)
  3 kobolds
  2 quokkas (D:4)
  5 ball pythons
  4 frilled lizards
  8 rats
77 creatures vanquished.

Vanquished Creatures (others)
  3 fungi (D:2)
  3 plants (D:2)
6 creatures vanquished.

Grand Total: 83 creatures vanquished

Notes
Turn   | Place    | Note
-------+----------+-------------------------------------------
     0 | D:1      | pokeman the Deep Elf Hedge Wizard began the quest for the
                  | Orb.
     0 | D:1      | Reached XP level 1. HP: 10/10 MP: 7/7
   319 | D:1      | Reached XP level 2. HP: 16/16 MP: 2/9
   513 | D:1      | Reached skill level 5 in Spellcasting
   666 | D:1      | Reached XP level 3. HP: 20/20 MP: 9/11
   670 | D:1      | Learned a level 3 spell: Mephitic Cloud
   673 | D:1      | Learned a level 2 spell: Call Imp
   676 | D:1      | Learned a level 2 spell: Blink
   680 | D:1      | Learned a level 3 spell: Conjure Flame
  1312 | D:1      | Reached skill level 1 in Armour
  1444 | D:1      | Reached skill level 1 in Fighting
  1619 | D:2      | Upgraded the game from 0.28-a0-245-g639a1a48b9 to
                  | 0.28-a0-247-gb8bfbab023
  1721 | D:2      | Reached XP level 4. HP: 25/25 MP: 8/13
  1851 | D:2      | Found Jimiar's Distillery.
  1857 | D:2      | Bought a potion of curing for 42 gold pieces
  1916 | D:2      | Found a faded altar of an unknown god.
  2202 | D:2      | Found a hazy altar of Hepliaklqana.
  2959 | D:3      | Reached skill level 1 in Fire Magic
  3472 | D:4      | Reached skill level 6 in Spellcasting
  3472 | D:4      | Reached XP level 5. HP: 22/29 MP: 5/15
  3840 | D:4      | Reached skill level 1 in Air Magic
  4174 | D:4      | Reached XP level 6. HP: 23/34 MP: 11/17
  4404 | D:4      | Reached skill level 1 in Poison Magic
  4691 | D:4      | Splashed by a goblin's acid

Illustrated notes

Levels and vault maps discovered:
D:1:      dpeg_arrival_three_smaller_balls, layout_basic, hex_intersection,
          minmay_three_crescents
D:2:      layout_loops_ring, shapermc_ecumenical_altar_mp_urbaneastern,
          serial_shops, nicolae_shop_trees, basic_altar
D:3:      layout_loops_ring
D:4:      layout_basic, minmay_misc_feat_tower

Skill      XL: |  1  2  3  4  5  6 |
---------------+-------------------+-----
Spellcasting   | 5 6 |  6.9
Armour         | 1 |  1.0
Fighting       | 1 |  1.1
Conjurations   | 2 3 |  3.1
Fire Magic     | 1 |  1.0
Dodging        | 3 |  3.0
Air Magic      | 1 |  1.2
Stealth        | 3 |  3.1
Poison Magic   | 1 |  1.0
Summonings     | |  1.1
Translocations | |  1.1

Action                   |  1- 3 |  4- 6 || total
-------------------------+-------+-------++-------
Melee: Dagger            |     5 |    17 ||    22
       Short sword       |       |    16 ||    16
 Cast: Magic Dart        |   103 |   114 ||   217
       Mephitic Cloud    |       |     4 ||     4
       Conjure Flame     |       |     2 ||     2
 Stab: Confused          |       |     1 ||     1
Armor: Robe              |     8 |     3 ||    11
       Leather armour    |       |     7 ||     7
Dodge: Dodged            |    22 |    39 ||    61

Table legend: (Time is in decaauts)
 A = Elapsed time spent in this place.
 B = Non-inter-level travel time spent in this place.
 C = Inter-level travel time spent in this place.
 D = Time resting spent in this place.
 E = Time spent auto-exploring this place.
 F = Levels seen in this place.
 G = Mean time per level.
                   A        B        C        D        E       F      G
               +--------+--------+--------+--------+--------+-----+--------+
         Total |   4682 |   4607 |     75 |    550 |   3490 |   4 | 1170.5 |
       Dungeon |   4682 |   4607 |     75 |    550 |   3490 |   4 | 1170.5 |
               +--------+--------+--------+--------+--------+-----+--------+

Top non-repeatable levels by time:
     D:1: 1615 daAuts
     D:4: 1110 daAuts
     D:3: 992 daAuts
     D:2: 963 daAuts
